 Dungeon Crawl Stone Soup version 0.27-a0-1391-g48c30b3128 (webtiles) character file.

Game seed: 11472988452434955910

33142 Froggeryz the Unseen (level 13, -7/89 HPs)
             Began as an Octopode Berserker on July 1, 2021.
             Was a High Priest of Trog.
             Mangled by a wyvern (20 damage)
             ... on level 4 of the Lair of Beasts.
             The game lasted 00:22:36 (13187 turns).

Froggeryz the Unseen (Octopode Berserker)          Turns: 13187, Time: 00:22:38

Health: -7/89      AC:  1    Str: 16    XL:     13   Next: 69%
Magic:  13/13      EV: 25    Int: 10    God:    Trog [*****.]
Gold:   871        SH:  6    Dex: 16    Spells: 12/12 levels left

rFire    + + .     SeeInvis .   q - +0 quick blade
rCold    . . .     Faith    .   g - +0 buckler
rNeg     . . .     Spirit   .   (helmet restricted)
rPois    .         Reflect  .   A - amulet of regeneration
rElec    .         Harm     .   m - ring of protection from fire
rCorr    .         Rampage  .   p - +4 ring of evasion
Will     +....                  e - ring of willpower
Stlth    ++++++++..             u - ring of protection from fire
HPRegen  1.24/turn              (no ring)
MPRegen  0.13/turn              (no ring)
                                (no ring)
                                (no ring)

@: about to teleport, slowed, very slow
A: almost no armour, amphibious, 8 rings, camouflage 1, gelatinous body 1,
(nimble swimmer 1), tentacles
a: Renounce Religion, Berserk, Trog's Hand, Brothers in Arms


You were on level 4 of the Lair of Beasts.
You worshipped Trog.
Trog was extremely pleased with you.
You visited 2 branches of the dungeon, and saw 12 of its levels.
You also visited: Ossuary.

You collected 871 gold pieces.

Inventory:

Hand Weapons
 q - a +0 quick blade (weapon)
Missiles
 d - 12 boomerangs (quivered)
 t - a curare-tipped dart
 B - 28 poisoned darts
Armour
 g - a +0 buckler (worn)
Jewellery
 e - a ring of willpower (on tentacle)
 m - a ring of protection from fire (left tentacle)
 p - a +4 ring of evasion (right tentacle)
 u - a ring of protection from fire (on tentacle)
 A - an amulet of regeneration (around mantle)
Wands
 a - a wand of polymorph (6)
 C - a wand of iceblast (15)
Scrolls
 c - a scroll of silence
 f - 3 scrolls of enchant armour
 l - 7 scrolls of teleportation
 v - a scroll of fog
 w - 2 scrolls of blinking
Potions
 b - a potion of invisibility
 h - 4 potions of haste
 i - 3 potions of lignification
 j - 3 potions of curing
 k - 4 potions of heal wounds
 n - 4 potions of attraction
 o - a potion of mutation {unknown}
 r - a potion of flight {unknown}
 s - a potion of ambrosia
 x - 4 potions of might
 z - a potion of cancellation {unknown}


   Skills:
 - Level 8.4 Fighting
 - Level 10.6 Short Blades
 * Level 13.6 Dodging
 - Level 18.0 Stealth
 - Level 6.0 Shields


You had 12 spell levels left.
You didn't know any spells.
Your spell library was empty.

Dungeon Overview and Level Annotations

Branches:
Dungeon (8/15)             Temple (0/1) D:4            Lair (4/6) D:8
 Shoals (0/4) Lair:4      Ossuary (visited)
  Snake: Lair:2-4    Spider: Lair:2-4

Altars:
Dithmenos
Elyvilon
Hepliaklqana
Makhleb
Ru
Uskayaw

Shops:
D:4 [

Annotations:
D:6 2 runed translucent doors, Leissi's ghost, novice DsFi


Innate Abilities, Weirdness & Mutations

You cannot wear most types of armour.
You are amphibious.
You can wear up to eight rings at the same time.
Your skin changes colour to match your surroundings (Stealth+).
Your rubbery body absorbs attacks. (AC +1, EV +1)
((You are camouflaged near water. (Stealth+)))
You have tentacles for arms and can constrict up to eight enemies at once.


Message History

The torpor snail bites you!!
You hit the torpor snail but do no damage.
You squeeze the torpor snail.
The torpor snail is heavily wounded.
You block the wyvern's attack.
You hit the torpor snail but do no damage.
The torpor snail is heavily wounded.
The wyvern closely misses you.
You hit the torpor snail but do no damage.
You squeeze the torpor snail, but do no damage.
The torpor snail is heavily wounded.
The torpor snail misses you.
The basilisk hisses angrily.
You hit the torpor snail but do no damage.
The torpor snail is heavily wounded.
The rime drake bites you. You block the wyvern's attack.
You hit the torpor snail.
The torpor snail is heavily wounded.
The wyvern closely misses you. The rime drake misses you.
You hit the torpor snail. Your squeeze misses the torpor snail.
The torpor snail is heavily wounded.
You block the torpor snail's attack.
You completely miss the torpor snail.
The torpor snail is heavily wounded.
The wyvern misses you. The rime drake breathes ice at you.
The flash freeze hits you!!
* * * LOW HITPOINT WARNING * * *
You are encased in ice.
As you read the scroll of teleportation, it crumbles to dust.
You feel strangely unstable. The wyvern misses you.
You block the wyvern's attack. The rime drake bites you.
* * * LOW HITPOINT WARNING * * *
The torpor snail completely misses you. You block the rime drake's attack.
The wyvern completely misses you. The ice encasing you melts away.
The wyvern bites you!
* * * LOW HITPOINT WARNING * * *
The rime drake closely misses you. The wyvern bites you!!
You die... ## ## #.###### ### #.##.#..#.## ##.P #.........# #.h. ##.........# #... .. ##..........# hr...

...+.#.........## #
.####
.......w........#..
...#..ll@..........
.......k..........#
...##...........#.#
.. #####....#### .
##$..## ###..##
#..#.# ##†.###
####.....# ###


You could see a torpor snail, a basilisk, a rime drake and a wyvern.

Vanquished Creatures
  6 hydras
  A catoblepas (Lair:2)
  A two-headed ogre (D:7)
  Erica (Lair:1)
  3 death yaks
  A manticore (Lair:4)
  10 elephants
  4 black mambas
  A gargoyle (D:7)
  10 cane toads
  5 rime drakes
  7 komodo dragons
  2 hornets
  2 polar bears
  A wind drake (Lair:4)
  8 blink frogs
  A wraith (Ossuary)
  3 wyverns (Lair:4)
  21 yaks
  10 basilisks
  4 vampire mosquitoes (D:8)
  7 water moccasins
  A black bear (Lair:1)
  A sky beast (D:6)
  An ogre (D:5)
  13 wolves
  2 centaurs
  A kobold brigand (D:5)
  16 bullfrogs
  A wyvern zombie (D:6)
  3 scorpions
  2 water moccasin skeletons
  4 wights (D:7)
  An electric eel (D:7)
  A howler monkey (D:7)
  5 lava snakes (D:8)
  2 centaur zombies (D:6)
  A bullfrog zombie (D:5)
  3 jellies (D:5)
  An orc priest (D:8)
  3 centaur skeletons
  Crazy Yiuf (D:2)
  3 bullfrog skeletons
  4 iguanas
  Natasha (twice) (D:2)
  Terence (D:3)
  5 hell rats
  3 orc wizards (D:8)
  3 mummies (Ossuary)
  A hound skeleton (D:4)
  2 adders
  7 gnolls
  2 white imps
  2 worms (D:2)
  A dart slug (D:1)
  16 orcs
  3 bats
  6 endoplasms
  6 hobgoblins
  4 kobolds (D:3)
  2 quokkas
  2 ball pythons
  2 frilled lizards
  2 gnoll zombies (Ossuary)
  5 goblin zombies (Ossuary)
  3 hobgoblin zombies (Ossuary)
  2 kobold zombies (Ossuary)
  5 rats
266 creatures vanquished.

Vanquished Creatures (others)
  A water moccasin (Lair:2)
  A bush (Lair:2)
  36 fungi
  33 plants
71 creatures vanquished.

Grand Total: 337 creatures vanquished

Notes
Turn   | Place    | Note
-------+----------+-------------------------------------------
     0 | D:1      | Froggeryz the Octopode Berserker began the quest for the
                  | Orb.
     0 | D:1      | Reached XP level 1. HP: 16/16 MP: 1/1
   136 | D:1      | Found a faded altar of an unknown god.
   144 | D:1      | Reached skill level 1 in Stealth
   145 | D:1      | Reached XP level 2. HP: 2/21 MP: 2/2
  1380 | D:2      | Noticed Natasha
  1386 | D:2      | Killed Natasha
  1387 | D:2      | Reached skill level 2 in Stealth
  1387 | D:2      | Reached XP level 3. HP: 25/26 MP: 3/3
  1420 | D:2      | Found a hide-covered altar of Uskayaw.
  1799 | D:2      | Found a runed translucent door.
  1800 | D:2      | Noticed Crazy Yiuf
  1850 | D:2      | Reached XP level 4. HP: 21/31 MP: 4/4
  2006 | D:2      | Killed Crazy Yiuf
  2007 | D:2      | Reached skill level 3 in Stealth
  2161 | D:2      | Noticed Natasha
  2165 | D:2      | Killed Natasha
  2166 | D:2      | Reached XP level 5. HP: 36/36 MP: 5/5
  2438 | D:3      | Noticed Terence
  2444 | D:3      | Killed Terence
  2445 | D:3      | Reached skill level 5 in Short Blades
  2598 | D:3      | Found a sacrificial altar of Ru.
  2646 | D:3      | Found a shadowy altar of Dithmenos.
  2648 | D:3      | Found a hazy altar of Hepliaklqana.
  2650 | D:3      | Noticed a shadow
  2849 | D:3      | Reached skill level 4 in Stealth
  3222 | D:3      | Reached ** piety under Trog
  3564 | D:4      | Found a staircase to the Ecumenical Temple.
  3567 | D:4      | Found Poemot's Armour Shoppe.
  3719 | D:4      | Reached XP level 6. HP: 23/42 MP: 6/6
  4406 | D:5      | Entered Level 5 of the Dungeon
  4457 | D:5      | Reached skill level 5 in Stealth
  4698 | D:5      | Reached skill level 10 in Short Blades
  4698 | D:5      | Reached skill level 10 in Stealth
  4698 | D:5      | Reached XP level 7. HP: 46/46 MP: 7/7
  4704 | D:5      | Reached XP level 8. HP: 57/57 MP: 8/8
  4719 | D:5      | Found a sand-covered staircase.
  4754 | Ossuary  | Entered an ossuary
  4754 | Ossuary  | Noticed a wraith
  4754 | Ossuary  | Noticed a wraith
  4754 | Ossuary  | Noticed a wraith
  4968 | Ossuary  | Noticed a wraith
  4985 | Ossuary  | Killed a wraith
  5383 | D:5      | Reached XP level 9. HP: 61/62 MP: 9/9
  5932 | D:6      | Reached *** piety under Trog
  5980 | D:6      | Found a large runed translucent door.
  5980 | D:6      | Found a large runed translucent door.
  5981 | D:6      | Noticed Leissi's ghost (novice DsFi)
  6702 | D:7      | Reached skill level 11 in Stealth
  6864 | D:7      | Noticed a hornet
  6870 | D:7      | Killed a hornet
  6920 | D:7      | Found a white marble altar of Elyvilon.
  6922 | D:7      | Noticed a gargoyle
  6946 | D:7      | Killed a gargoyle
  7073 | D:7      | Reached XP level 10. HP: 69/69 MP: 10/10
  7150 | D:7      | Found a burning altar of Makhleb.
  7150 | D:7      | Noticed a two-headed ogre
  7156 | D:7      | Killed a two-headed ogre
  7791 | D:8      | Reached skill level 12 in Stealth
  7820 | D:8      | Reached **** piety under Trog
  8108 | D:8      | Found a staircase to the Lair.
  8357 | Lair:1   | Entered Level 1 of the Lair of Beasts
  8357 | Lair:1   | Noticed Erica
  8370 | Lair:1   | Killed Erica
  8375 | Lair:1   | Noticed a five-headed hydra
  8496 | Lair:1   | Reached XP level 11. HP: 50/75 MP: 11/11
  8519 | Lair:1   | Reached skill level 13 in Stealth
  8600 | Lair:1   | Killed a five-headed hydra
  9228 | D:8      | Reached skill level 14 in Stealth
  9825 | Lair:2   | Noticed a five-headed hydra
  9829 | Lair:2   | Reached skill level 10 in Dodging
  9985 | Lair:2   | Killed a five-headed hydra
 10070 | Lair:2   | Noticed a death yak
 10070 | Lair:2   | Noticed a death yak
 10070 | Lair:2   | Noticed a death yak
 10070 | Lair:2   | Noticed a death yak
 10070 | Lair:2   | Noticed a death yak
 10071 | Lair:2   | Noticed a death yak
 10131 | Lair:1   | Killed a death yak
 10132 | Lair:1   | Reached skill level 15 in Stealth
 10132 | Lair:1   | Reached XP level 12. HP: 52/84 MP: 12/12
 10489 | Lair:1   | Killed a death yak
 10696 | Lair:2   | Reached skill level 16 in Stealth
 10724 | Lair:2   | Noticed a catoblepas
 10943 | Lair:2   | Noticed a seven-headed hydra
 10958 | Lair:2   | Killed a seven-headed hydra
 11105 | Lair:2   | Killed a catoblepas
 11112 | Lair:2   | Reached skill level 17 in Stealth
 11650 | Lair:3   | Reached XP level 13. HP: 89/89 MP: 13/13
 11839 | Lair:3   | Reached skill level 18 in Stealth
 12456 | Lair:4   | Found a staircase to the Shoals.
 12567 | Lair:4   | Reached ***** piety under Trog
 13187 | Lair:4   | Mangled by a wyvern

Illustrated notes

Levels and vault maps discovered:
D:1:      noname_arrival_rooms_in_the_neighbourhood, layout_basic,
          hellmonk_ecumenical_altar_run_dry
D:2:      layout_loops_ring, basic_altar, uniq_natasha, uniq_crazy_yiuf_cottage
D:3:      layout_loops_ring, general_overflow_altar,
          riverfiend_overflow_shadow_ancestor, uniq_terence
D:4:      layout_gridville, minmay_temple_entry_statues_fountains, serial_shops,
          nicolae_shop_statue_plus, serial_glass, glass_columns_a,
          glass_columns_a, due_unseen_surprise
D:5:      layout_gridville, chequers_ossuary_entry_cave, minivault_25,
          mumra_transporter_accident, kennysheep_flooded_box, minmay_small_thing
D:6:      layout_rooms, ebering_ghost_disaster_area,
          amcnicky_mini_corridor_feature, nicolae_sextant, st_stairs_3
D:7:      layout_basic, nicolae_lava_and_water, hangedman_feature_mirror
D:8:      layout_gridville, lair_entry_dummy, kennysheep_boxes
Lair:1:   layout_chaotic_city, beast_lair_carwin_4, uniq_erica
Lair:2:   nzn_winding_woodlands_medium [nzn_winding_woodlands_5x5_perimeter,
          nzn_winding_woodlands_5x15_lazy_stream,
          nzn_winding_woodlands_5x5_three, nzn_winding_woodlands_5x5_open_star,
          nzn_winding_woodlands_center_garden, nzn_winding_woodlands_5x5_cross,
          nzn_winding_woodlands_5x5_checkerboard,
          nzn_winding_woodlands_5x15_pockets, nzn_winding_woodlands_hourglass],
          layout_loops_ring
Lair:3:   layout_long_grid
Lair:4:   layout_roguey [special_room_mythical_zoo], minmay_shoals_entry_beasts,
          spider_nest_entry_a, lemuel_another_geyser

Skill      XL: |  1  2  3  4  5  6  7  8  9 10 11 12 13 |
---------------+----------------------------------------+-----
Stealth        | 1 2 3 4 10 11 12 15 17 18 | 18.0
Short Blades   | 4 5 10 | 10.6
Shields        | 6 |  6.0
Fighting       | 6 7 8 |  8.4
Dodging        | 8 9 10 11 13 | 13.6

Action                   |  1- 3 |  4- 6 |  7- 9 | 10-12 | 13-15 || total
-------------------------+-------+-------+-------+-------+-------++-------
Melee: Short sword       |    49 |    74 |     5 |       |       ||   128
       Constrict         |     9 |    20 |    29 |    58 |    24 ||   140
       Tentacles         |     9 |    10 |    58 |   251 |   139 ||   467
       Dagger            |       |       |   191 |    36 |       ||   227
       Quick blade       |       |       |       |   757 |   461 ||  1218
Throw: Boomerang         |       |     2 |       |     4 |     1 ||     7
       Dart              |       |       |       |     2 |       ||     2
Invok: Berserk           |     1 |     6 |     3 |    14 |     7 ||    31
       Trog's Hand       |       |       |       |     2 |     3 ||     5
Evoke: Wand              |       |       |       |     6 |       ||     6
  Use: Scroll            |       |     7 |     8 |     5 |     3 ||    23
       Potion            |       |     1 |     1 |     1 |       ||     3
 Stab: Sleeping          |     7 |     7 |    20 |    22 |     7 ||    63
       Distracted        |       |       |     1 |     4 |     1 ||     6
Armor: Skin              |       |     4 |     1 |     9 |     7 ||    21
Dodge: Dodged            |    17 |    34 |    54 |   268 |   169 ||   542
Block: Buckler           |       |       |     7 |    69 |    56 ||   132

Table legend: (Time is in decaauts)
 A = Elapsed time spent in this place.
 B = Non-inter-level travel time spent in this place.
 C = Inter-level travel time spent in this place.
 D = Time resting spent in this place.
 E = Time spent auto-exploring this place.
 F = Levels seen in this place.
 G = Mean time per level.
                   A        B        C        D        E       F      G
               +--------+--------+--------+--------+--------+-----+--------+
         Total |  12497 |  11801 |    696 |   1623 |   7634 |  13 |  961.3 |
       Dungeon |   7970 |   7516 |    454 |    976 |   5547 |   8 |  996.2 |
          Lair |   4109 |   3867 |    242 |    596 |   1817 |   4 | 1027.2 |
       Ossuary |    417 |    417 |      0 |     49 |    270 |   1 |  417.0 |
               +--------+--------+--------+--------+--------+-----+--------+

Top non-repeatable levels by time:
     D:2: 1375 daAuts
  Lair:1: 1336 daAuts
  Lair:2: 1181 daAuts
     D:3: 1175 daAuts
  Lair:3: 1115 daAuts
     D:1: 1044 daAuts
     D:5: 1010 daAuts
     D:8: 992 daAuts
     D:7: 922 daAuts
     D:4: 857 daAuts
     D:6: 592 daAuts
  Lair:4: 476 daAuts
 Ossuary: 417 daAuts
